Map: Acid Plant LE

Players

ArT

  • Race: Protoss Protoss
  • Spawn Location: 11:00

Nerchio - Winner!

  • Race: Zerg Zerg
  • Spawn Location: 5:00

Event: WCS Valencia 2018

VOD

Have the link to the VOD?

Description

Time

  • Played on: July 12, 2018, 7:32 a.m.
  • Length: 8:01

All games in this series

Show
View Real Time Build Order
Export as new Build Order

ArT Protoss 

Build Orders: 1 Gate Expand, Oracle Opening, Phoenix Opening 

Get SALT Encoding   

  12  0:00  Probe  
  13  0:13  Probe  
  14  0:17  Pylon  
  14  0:24  Probe  
  15  0:32  Probe  
  15  0:38  Gateway  
  15  0:40  Probe  
  16  0:48  Assimilator  
  17  0:51  Probe  
  18  1:03  Probe  
  19  1:15  Probe  
  20  1:26  Nexus  
  20  1:37  Cybernetics Core  
  20  1:39  Probe  
  21  1:46  Assimilator  
  21  1:51  Probe  
  22  1:55  Pylon  
  22  2:03  Probe  
  22  2:05  Adept  
  26  2:15  Probe  
  26  2:19  Stargate  
  26  2:27  Warp Gate, Probe  
  27  2:31  Adept  
  27  2:34  Probe  
  29  2:38  Probe  
  29  2:43  Probe  
  31  2:46  Probe  
  33  2:53  Probe  
  33  2:54  Probe  
  33  2:56  Phoenix  
  37  3:05  Probe  
  37  3:06  Probe  
  37  3:07  Pylon  
  39  3:18  Oracle, Probe x2  
  41  3:26  Gateway  
  44  3:30  Probe x2  
  44  3:33  Assimilator  
  46  3:34  Assimilator  
  46  3:42  Probe x2  
  46  3:46  Forge  
  48  3:50  Pylon  
  48  3:55  Robotics Facility  
  48  3:56  Probe  
  48  3:58  Probe  
  50  4:08  Probe  
  50  4:09  Pylon  
  51  4:10  Probe  
  51  4:14  Protoss Ground Weapons Level 1  
  52  4:20  Probe  
  52  4:22  Probe  
  54  4:32  Warp Prism, Probe  
  54  4:34  Probe  
  54  4:35  Zealot, Adept  
  60  4:39  Pylon  
  62  4:46  Probe x2  
  64  4:59  Nexus  
  64  5:00  Pylon  
  64  5:02  Probe x2  
  64  5:06  Observer  
  66  5:13  Twilight Council  
  67  5:14  Probe x2  
  67  5:16  Immortal  
  67  5:18  Sentry x2, Pylon  
  73  5:26  Probe x2  
  73  5:27  Resonating Glaives  
  79  5:38  Probe x2  
  79  5:41  Adept x2  
  85  5:43  Gateway  
  85  5:47  Gateway  
  85  6:04  Sentry x2  
  85  6:05  Immortal  
  85  6:07  Pylon  
  85  6:10  Gateway  
  93  6:18  Pylon  
  92  6:31  Sentry, Adept  
  92  6:32  Gateway  
  96  6:34  Gateway x2  
  96  6:35  Pylon  
  96  6:36  Probe  
  97  6:40  Observer  
  97  6:42  Sentry  
  97  6:46  Adept  
  101  6:50  Probe  
  101  6:51  Photon Cannon, Probe x2  
  104  7:00  Pylon  
  104  7:07  Probe  
  104  7:08  Probe  
  106  7:11  Adept x5  
  114  7:15  Pylon  
  114  7:19  Probe  
  114  7:20  Warp Prism, Probe  
  115  7:33  Adept x7  
  115  7:35  Adept  
  111  7:54  Adept x4  
  111  7:55  Adept x4  
Show
View Real Time Build Order
Export as new Build Order

Nerchio Zerg - Winner!

Build Orders: Hatch First 

Get SALT Encoding   

  12  0:00  Drone  
  13  0:12  Overlord  
  13  0:17  Drone  
  14  0:30  Drone x2  
  16  0:48  Hatchery  
  15  0:51  Drone  
  15  0:55  Drone  
  17  0:58  Drone  
  18  1:09  Extractor  
  17  1:14  Spawning Pool  
  17  1:18  Drone  
  17  1:20  Drone  
  18  1:29  Drone  
  19  1:39  Overlord  
  19  1:49  Drone  
  20  2:01  Queen x2  
  20  2:02  Zergling x2  
  20  2:03  Zergling x2  
  26  2:10  Metabolic Boost  
  26  2:14  Drone  
  27  2:17  Drone  
  27  2:22  Drone  
  29  2:23  Drone  
  30  2:41  Hatchery  
  30  2:42  Drone  
  30  2:45  Drone  
  30  2:47  Drone  
  32  2:51  Overlord  
  32  2:58  Queen  
  32  3:03  Drone x2  
  36  3:11  Drone x3  
  39  3:15  Drone x2  
  39  3:19  Drone x2  
  43  3:27  Overlord  
  43  3:30  Drone  
  43  3:31  Overlord  
  44  3:34  Lair  
  44  3:45  Overlord  
  44  3:49  Drone x5  
  44  3:53  Spore Crawler  
  44  3:54  Drone x2  
  50  3:56  Extractor  
  50  3:58  Extractor  
  50  4:02  Drone x2  
  50  4:03  Queen  
  50  4:04  Drone  
  50  4:08  Drone x2  
  55  4:11  Spore Crawler  
  55  4:14  Drone x2  
  55  4:15  Drone  
  57  4:18  Overlord  
  57  4:34  Baneling Nest  
  57  4:35  Hydralisk Den  
  55  4:39  Drone x7  
  62  4:55  Zergling x6  
  62  4:58  Extractor  
  63  5:00  Overlord  
  63  5:03  Hydralisk x5  
  73  5:11  Overlord  
  73  5:16  Overlord  
  73  5:19  Muscular Augments, Hydralisk x2  
  77  5:23  Hydralisk  
  77  5:27  Overlord  
  79  5:28  Overlord  
  79  5:33  Hydralisk x2, Drone  
  79  5:35  Evolution Chamber  
  83  5:38  Hydralisk  
  85  5:45  Zergling x10  
  85  5:46  Zergling x2  
  85  5:49  Baneling x4  
  91  5:51  Overlord  
  91  6:02  Drone x8  
  91  6:03  Drone  
  99  6:24  Centrifical Hooks  
  97  6:26  Drone x3  
  97  6:29  Extractor, Hatchery  
  97  6:30  Grooved Spines  
  97  6:31  Overlord  
  98  6:33  Drone x3  
  98  6:34  Extractor  
  100  6:40  Drone  
  100  6:41  Drone x3  
  100  6:44  Hydralisk x3  
  109  6:49  Drone x2  
  111  6:55  Hydralisk x4  
  119  7:02  Overlord  
  119  7:04  Overlord, Hydralisk  
  119  7:05  Hydralisk  
  119  7:07  Hydralisk  
  125  7:10  Overlord  
  125  7:14  Zergling x2  
  125  7:15  Zergling x6  
  129  7:20  Zergling x4  
  129  7:21  Zergling x8  
  131  7:26  Zergling x2  
  133  7:32  Zergling x6  
  133  7:33  Zergling x2  
  133  7:35  Baneling  
  133  7:36  Zergling x4, Baneling x7  
  138  7:41  Zergling x4  
  138  7:44  Zergling x2  
Tags
 
Add a new tag
Caveats
  • Supply blocks, unpowered buildings, or Contaminate may cause inaccurate times.
  • Supply counts are checked every 10 seconds.